 Dungeon Crawl Stone Soup version 0.31-a0-949-g57150269e1 (webtiles) character file.

Game seed: 7961916902722561741

44 mattiecakes the Trooper (level 3, -12/26 HPs)
             Began as a Gargoyle Fighter on Oct 22, 2023.
             Killed by an exploding quokka (35 damage)
             ... ignited by their inner flame
             ... on level 2 of the Dungeon.
             The game lasted 00:04:11 (1161 turns).

mattiecakes the Trooper (Gargoyle Fighter)          Turns: 1161, Time: 00:04:14

Health: -12/26     AC: 12    Str: 21    XL:     3   Next: 60%
Magic:  3/3        EV:  4    Int:  8    God:
Gold:   72         SH:  4    Dex:  9    Spells: 2/2 levels left

rFire   . . .        a - +0 rapier
rCold   . . .        c - +0 buckler
rNeg    + . .        f - +0 chain mail
rPois   ∞            (no helmet)
rElec   +            (no cloak)
rCorr   .            (no gloves)
SInv    .            (no boots)
Will    .....        (no amulet) Stlth
                     (no ring)
HPRegen 0.24/turn    (no ring)
MPRegen 0.08/turn

%: no passive effects
@: weak-willed, constricted
A: sickness immunity, AC +3, negative energy resistance 1, electricity
resistance, torment resistance 1, petrification resistance
a: no special abilities


You were on level 2 of the Dungeon.
You visited 1 branch of the dungeon, and saw 2 of its levels.

You collected 72 gold pieces.

Inventory:

Hand Weapons
 a - a +0 rapier (weapon)
Armour
 b - a +0 scale mail
 c - a +0 buckler (worn)
 f - a +0 chain mail (worn)
Jewellery
 m - an amulet of the acrobat
Wands
 o - a wand of flame (18)
Scrolls
 k - 3 scrolls of identify {unknown}
Potions
 d - a potion of might
 l - a potion of brilliance {unknown}
 n - 4 potions of curing {unknown}


   Skills:
 + Level 5.0 Fighting
 - Level 1.7 Short Blades
 - Level 3.2 Armour
 - Level 3.2 Shields


You had 2 spell levels left.
You didn't know any spells.
Your spell library contained the following spells:

 Spells                   Type           Power      Damage    Failure   Level
 Summon Small Mammal      Summ           0%         N/A       98%         1
 Call Canine Familiar     Summ           0%         N/A       100%        3
 Summon Guardian Golem    Hex/Summ       0%         N/A       100%        3


Dungeon Overview and Level Annotations

Branches:
Dungeon (2/15)

Altars:

Annotations:
D:2 Jessica


Innate Abilities, Weirdness & Mutations

You are immune to sickness and miasma.
Your stone body is resilient. (AC +3)
You are immune to poison.
You resist negative energy. (rN+)
You are resistant to electric shocks. (rElec)
You are resistant to unholy torment.
You are immune to petrification.


Message History

Unknown command.
The quokka bites you but does no damage.
As you read the scroll labelled HIUNIMP COTOE, it crumbles to dust.
It is a scroll of enchant armour.
Okay, then.
You block the quokka's attack.
A ball python comes into view.
You closely miss the quokka. The quokka bites you.
A rat comes into view.
You block the quokka's attack.
Unknown command.
Sorry, you're not good enough to have a special ability.
You block the quokka's attack.
The ball python attacks as it pursues you!
The ball python bites you but does no damage.
The ball python grabs you. The ball python constricts you.
You escape the ball python's grasp.
You see here a +0 robe.
You miss the quokka.
The quokka bites you but does no damage.
Jessica casts a spell.
Jessica blinks!
The ball python bites you. The ball python barely misses you.
The quokka barely misses you.
You miss the quokka.
Jessica casts a spell.
Jessica blinks!
You block the ball python's attack. The ball python grabs you.
The ball python constricts you.
The quokka bites you but does no damage.
You barely miss the quokka.
The ball python bites you but does no damage.
The ball python constricts you. The quokka barely misses you.
The ball python bites you but does no damage.
The ball python constricts you.
You hit the quokka.
Flame seeps out of the quokka.
The quokka is almost dead.
The quokka is engulfed in blazing flames.
The quokka explodes!
The fiery explosion engulfs you!!
Ouch! That really hurt!
You die...

........ .........
............#
......................##
.....#.................#
............#..........# .
.#................#....#..
........#................#
........+......r§S.....###
#.......#.......@○§.@.....
<................§§.++....
.÷..................# .
....................#
....................#
....................#
...##...............#
.####...............# .#
#....############


You could see Jessica, a ball python and a rat.

Vanquished Creatures
  An adder (D:2)
  A dart slug (D:1)
  5 endoplasms
  A giant cockroach (D:2)
  2 hobgoblins (D:1)
  4 jackals (D:1)
  2 quokkas
  4 bats
  3 frilled lizards (D:1)
  3 kobolds (D:1)
  7 rats (D:2)
33 creatures vanquished.

Notes
Turn   | Place    | Note
-------+----------+-------------------------------------------
     0 | D:1      | mattiecakes the Gargoyle Fighter began the quest for the
                  | Orb.
     0 | D:1      | Reached XP level 1. HP: 14/14 MP: 1/1
    44 | D:1      | Found a faded altar of an unknown god.
   134 | D:1      | Reached XP level 2. HP: 20/20 MP: 2/2
   138 | D:1      | Reached skill level 4 in Fighting
   756 | D:1      | Reached XP level 3. HP: 24/24 MP: 3/3
  1107 | D:2      | Reached skill level 5 in Fighting
  1152 | D:2      | Noticed Jessica
  1161 | D:2      | Killed by an exploding quokka... ignited by their inner
                  | flame

Illustrated notes

Levels and vault maps discovered:
D:1:      wander_arrival_abandoned_jail, layout_loops_cross,
          ebering_ecumenical_altar_webs
D:2:      layout_basic, uniq_jessica

Skill      XL: |  1  2  3 |
---------------+----------+-----
Fighting       | 4 5 |  5.0
Short Blades   | |  1.7
Armour         | |  3.2
Shields        | |  3.2

Action                     || total
---------------------------++-------
  Melee: Rapier            ||   160
    Use: Scroll            ||     5
 Armour: Scale mail        ||    23
         Chain mail        ||   119
  Dodge: Dodged            ||    77
  Block: Buckler           ||    43

Table legend: (Time is in decaauts)
 A = Elapsed time spent in this place.
 B = Non-inter-level travel time spent in this place.
 C = Inter-level travel time spent in this place.
 D = Time resting spent in this place.
 E = Time spent auto-exploring this place.
 F = Levels seen in this place.
 G = Mean time per level.
                   A        B        C        D        E       F      G
               +--------+--------+--------+--------+--------+-----+--------+
         Total |   1184 |   1166 |     18 |     17 |    828 |   2 |  592.0 |
       Dungeon |   1184 |   1166 |     18 |     17 |    828 |   2 |  592.0 |
               +--------+--------+--------+--------+--------+-----+--------+

Top non-repeatable levels by time:
     D:1: 827 daAuts
     D:2: 356 daAuts
